 Dungeon Crawl Stone Soup version 0.21.1-1-g345015fe64 (webtiles) character file.

5 Gargoyl the Skirmisher (level 1, -16/13 HPs)
             Began as a Centaur Abyssal Knight on June 19, 2018.
             Was a Follower of Lugonu.
             Demolished by a large abomination (17 damage)
             ... on level 1 of the Abyss.
             The game lasted 00:00:43 (158 turns).

Gargoyl the Skirmisher (Centaur Abyssal Knight)      Turns: 158, Time: 00:00:43

Health: -16/13     AC:  4    Str: 10    XL:     1   Next: 66%
Magic:  2/2        EV:  8    Int:  7    God:    Lugonu [*.....]
Gold:   11         SH:  0    Dex:  4    Spells: 0/0 levels left

rFire    . . .     SeeInvis .   a - +2 hand axe
rCold    . . .     Gourm    .   (no shield)
rNeg     . . .     Faith    .   b - +0 leather armour
rPois    .         Spirit   .   (no helmet)
rElec    .         Reflect  .   (no cloak)
rCorr    .         Harm     .   (no gloves)
MR       .....     Rnd*Tele +   (no barding)
Stlth    ..........             (no amulet)
HPRegen  0.00/turn              (no ring)
MPRegen  0.08/turn              (no ring)

@: very quick
A: large, hooves 3, [blurry vision 3], [clumsy 2], deformed body, [deterioration
2], [dopey 2], speed 2, [frail 3], [low mp 2], [screaming 2], [inhibited
regeneration], [teleportitis 2], tough skin 3, [weak 2]
a: Depart the Abyss, Renounce Religion


You were on level 1 of the Abyss.
You worshipped Lugonu.
Lugonu was aware of your devotion.
You were hungry.

You visited 0 branches of the dungeon, and saw 0 of its levels.
You visited the Abyss 1 time.

You collected 11 gold pieces.

Inventory:

Hand Weapons
 a - a +2 hand axe (weapon)
Armour
 b - a +0 leather armour (worn)
Potions
 d - a potion of curing {unknown}


   Skills:
 + Level 3.4 Fighting
 + Level 1.7 Axes
 + Level 1.3 Armour
 + Level 0.6 Dodging
 + Level 2.0 Invocations


You couldn't memorise any spells.
You didn't know any spells.

Dungeon Overview and Level Annotations

Branches:
Dungeon (0/15)

Altars:


Innate Abilities, Weirdness & Mutations

You have hooves in place of feet.
Armour fits poorly on your strangely shaped body.
You cover ground very quickly.
You have extremely tough skin. (AC +3)
[Scrolls take you much longer to read.]
[You are very clumsy. (Dex -4)]
[Your body often deteriorates upon taking damage.]
[You are very dopey. (Int -4)]
[You are extremely frail. (-30% HP)]
[Your magical capacity is very low. (-20% MP)]
[You sometimes yell uncontrollably at your foes.]
[You do not regenerate when monsters are visible.]
[You are sometimes teleported next to monsters.]
[You are very weak. (Str -4)]


Message History

The hungry ghost is moderately damaged.
You hit the wretched star but do no damage.
The wretched star pulses with an eldritch light!
You feel clumsy. x2; You feel weirdly uncertain.
You feel even more weirdly uncertain. The hungry ghost barely misses you.
The wretched star pulses with an eldritch light!
You feel yourself wasting away.
You feel your body start to fall apart.
You feel stupid. x2
You barely miss the hungry ghost. Your kick misses the hungry ghost.
The hungry ghost is moderately damaged.
You hit the wretched star but do no damage.
The wretched star pulses with an eldritch light!
You feel less energetic. x2
Unknown command.
Unknown command.
Your leather armour prevents you from hitting the wretched star.
Your kick misses the wretched star. The large abomination hits you!
Ouch! That really hurt!
You die...

. .. . ...≈ ##
#.. . .≈≈##
#(#..#
#.≈≈#..###.....#
≈≈#....X....# ≈≈
≈.##@#.#.# .#
#.#*### . # .#
.#W..# #.
#.#.#.#.#
#....##..#
##..#. ..##
#.##. #. ##
#..... ##.. ##
.. .


You could see a wretched star, a large abomination and a hungry ghost.

Vanquished Creatures
  An ufetubus (Abyss:1)
1 creature vanquished.

Notes
Turn   | Place    | Note
-------+----------+-------------------------------------------
     0 | Abyss:1  | Gargoyl the Centaur Abyssal Knight began the quest for the Orb.
     0 | Abyss:1  | Reached XP level 1. HP: 19/19 MP: 2/2
   116 | Abyss:1  | Noticed a wretched star
   125 | Abyss:1  | Noticed a hungry ghost
   153 | Abyss:1  | Noticed a large abomination
   158 | Abyss:1  | Demolished by a large abomination

Action                   || total
-------------------------++-------
Melee: Hand axe          ||    16
       Kick              ||     1
  Use: Scroll            ||     2
  Eat: Ration            ||     1
Armor: Leather armour    ||     6
Dodge: Dodged            ||     7
